 Dungeon Crawl Stone Soup version 0.29-a0-1008-g949cc1d0fb (webtiles) character file.

Game seed: 4080208845563917855

620 Mesmaeker13 the Insei (level 7, -9/40 (43) HPs)
             Began as an Octopode Transmuter on Aug 7, 2022.
             Was an Initiate of Ashenzari.
             Mangled by Robin
             ... wielding the +7 Throatcutter {drain, coup de grace}
              (21 damage)
             ... on level 2 of the Dungeon.
             The game lasted 00:07:15 (5919 turns).

Mesmaeker13 the Insei (Octopode Transmuter)         Turns: 5919, Time: 00:07:16

HP:   -9/40 (43)    AC:  2    Str:  9    XL:     7   Next: 46%
MP:   8/11          EV: 19    Int: 25    God:    Ashenzari [......]
Gold: 163           SH:  0    Dex: 17    Spells: 2/12 levels left

rFire   . . .      SeeInvis .     - Unarmed
rCold   . . .      Faith    .   (shield currently unavailable)
rNeg    . . .      Spirit   .   (helmet currently unavailable)
rPois   x          Reflect  .   a - amulet "Nasenaah" {Acrobat Int+7}
rElec   .          Harm     .   (no ring)
rCorr   .          Rampage  .   (no ring)
Will    .....                   (no ring)
Stlth   ++........              (no ring)
HPRegen 0.13/turn               (no ring)
MPRegen 0.12/turn               (no ring)
                                (no ring)
                                (no ring)

@: spider-form (expiring), drained
A: venomous fangs, almost no armour, (amphibious), 8 rings, tiny, (camouflage
1), (gelatinous body 1), (nimble swimmer 1), (tentacles)
a: End Transformation, Renounce Religion


You were on level 2 of the Dungeon.
You worshipped Ashenzari.
Ashenzari was noncommittal.
You were a venomous arachnid creature.
You visited 2 branches of the dungeon, and saw 6 of its levels.

You collected 163 gold pieces.

Inventory:

Hand Weapons
 f - a +0 mace of venom
Missiles
 b - 4 curare-tipped darts (quivered)
Jewellery
 a - the amulet "Nasenaah" (around neck) {Acrobat Int+7}
   (You took it off a hobgoblin on level 3 of the Dungeon)

   [amulet of the acrobat]

   It increases your evasion while moving and waiting.
   Int:       It affects your intelligence (+7).
Scrolls
 c - a scroll of poison {unknown}
 g - a scroll of fear
 j - 4 scrolls of teleportation {unknown}
 k - a scroll of enchant weapon
 l - a scroll of brand weapon {unknown}
 m - a scroll of identify
 n - a scroll of summoning {unknown}
 o - a scroll of silence {unknown}
Potions
 d - 2 potions of curing
 e - a potion of heal wounds
 h - a potion of cancellation {unknown}
 i - 2 potions of berserk rage {unknown}


   Skills:
 - Level 1.0 Fighting
 - Level 2.0 Dodging
 + Level 5.2 Unarmed Combat
 - Level 3.0 Spellcasting
 + Level 4.7 Transmutations
 + Level 1.4 Ice Magic
 + Level 4.1 Poison Magic


You had 2 spell levels left.
You knew the following spells:

 Your Spells              Type           Power      Damage    Failure   Level
a - Beastly Appendage     Tmut           54%        N/A       7%          1
b - Wereblood             Tmut           27%        N/A       9%          2
c - Spider Form           Tmut/Pois      26%        N/A       14%         3
d - Ice Form              Ice/Tmut       19%        N/A       50%         4

Your spell library contained the following spells:

 Spells                   Type           Power      Damage    Failure   Level
 Ignite Poison            Fire/Tmut/Pois 18%        N/A       22%         3
 Mephitic Cloud           Conj/Pois/Air  10%        N/A       36%         3
 Freezing Cloud           Conj/Ice/Air   3%         6-21      98%         5


Dungeon Overview and Level Annotations

Branches:
Dungeon (5/15)             Temple (1/1) D:4

Altars:
Ashenzari
Dithmenos
Elyvilon
Fedhas
Gozag
Hepliaklqana
Kikubaaqudgha
Makhleb
Nemelex Xobeh
Qazlal
Sif Muna
Trog
Uskayaw
Wu Jian
Xom
Yredelemnul
The Shining One

Shops:
D:3 [

Annotations:
D:2 Robin
D:4 2 transporters


Innate Abilities, Weirdness & Mutations

You are a venomous arachnid creature.
You have poisonous fangs.
You are tiny and dextrous.
Your spellcasting is less reliable in this form.
Your armour is entirely melded.
You are incapable of wielding weapons or throwing items.
You cannot wear most types of armour.
((You are amphibious.))
You can wear up to eight rings at the same time.
((Your skin changes colour to match your surroundings (Stealth+).))
((Your rubbery body absorbs attacks. (AC +1, EV +1)))
((You are camouflaged when in or above water. (Stealth+)))
((You have tentacles for arms and can constrict up to eight enemies at once.))


Message History

The black bear looks frightened!
There is a stone staircase leading up here.
You start resting.
A black bear is nearby!
Unknown command.
You climb upwards.
There is a stone staircase leading down here.
You open the door.
There is an open door here.
There is a stone staircase leading up here.
You climb upwards.
Level annotation: Robin
There is a stone staircase leading down here.
You start resting.
HP restored.
You start waiting.
Robin is nearby!
Robin is nearby!
Casting: Beastly Appendage (safe; 1% risk of failure)
Confirm with . or Enter, or press ? or * to list all spells.
You turn into a venomous arachnid creature.
Robin shouts!
You hear a shout!
Robin roars a battlecry!
You hit Robin but do no damage.
Robin is poisoned.
Robin drinks a potion.
Robin seems to grow stronger.
You barely miss Robin. Robin closely misses you.
You barely miss Robin.
Robin hits you with the +7 Throatcutter {drain, coup de grace}!
You feel drained.
You hit Robin.
Robin is lightly wounded.
Your transformation is almost over.
Robin hits you with the +7 Throatcutter {drain, coup de grace}!
You feel drained.
* * * LOW HITPOINT WARNING * * *
You barely miss Robin.
Robin is moderately wounded.
Robin hits you with the +7 Throatcutter {drain, coup de grace}!!
Ouch! That really hurt!
You die...

### . # #.# ##.#.### #..
.####.########.####.###... ##.##
#....... ..#.........#.### #...##
#.###.## #.#.#.######.####
.....###.##...###>#..............
.........#.....##.#.#.#####...###
.....###......>.....#.# #.......
....## #..........#.#.####....###
.#.## #........s.#.#........###.
...# #........gg#........###...
.#######..#...###...........##.#.
.# #...#..#...# #.###.#####.#...#
.###.#....#...# #)# #.# ##...###.
..##...##.###.# #.# #.# #....# #.
..###.###.###.###.# #.# #....###.
..# #)# #.##...##.# #.# #.......#
#####.###.........# #.###.......#


You could see Robin (strong, poisoned) and a hobgoblin (strong).

Vanquished Creatures
  Eustachio (D:4)
  2 ogres (D:4)
  2 scorpions (D:4)
  A hound (D:4)
  An iguana (D:4)
  2 adders
  3 ufetubi
  5 worms
  2 dart slugs (D:1)
  An orc (D:4)
  7 ball pythons
  2 bats (D:1)
  4 endoplasms
  4 giant cockroaches
  10 goblins
  13 hobgoblins
  6 kobolds
  7 quokkas
  3 frilled lizards (D:1)
  4 rats
80 creatures vanquished.

Notes
Turn   | Place    | Note
-------+----------+-------------------------------------------
     0 | D:1      | Mesmaeker13 the Octopode Transmuter began the quest for the
                  | Orb.
     0 | D:1      | Reached XP level 1. HP: 13/13 MP: 3/3
   171 | D:1      | Reached XP level 2. HP: 18/18 MP: 5/5
   637 | D:1      | Found a faded altar of an unknown god.
   700 | D:1      | Reached XP level 3. HP: 22/23 MP: 4/6
  1312 | D:1      | Learned a level 2 spell: Wereblood
  1480 | D:2      | Noticed Robin
  2343 | D:2      | Learned a level 3 spell: Spider Form
  2408 | D:2      | Reached XP level 4. HP: 24/28 MP: 8/8
  2703 | D:2      | HP: 1/28 [hobgoblin/staff of earth[Robin] (8)]
  3500 | D:3      | Identified the amulet "Nasenaah" {Acrobat Int+7}
  3654 | D:3      | Found Jiducw's Antique Armour Emporium.
  3728 | D:3      | Reached skill level 1 in Poison Magic
  3873 | D:3      | Identified the +0 robe of Ciab {Harm rF- Int+8}
  4610 | D:4      | Reached XP level 5. HP: 28/33 MP: 7/9
  4631 | D:4      | Reached skill level 4 in Unarmed Combat
  4763 | D:4      | Noticed an ogre
  4775 | D:4      | Killed an ogre
  4776 | D:4      | Reached XP level 6. HP: 38/38 MP: 6/10
  4848 | D:4      | Noticed Eustachio
  4874 | D:4      | Killed Eustachio
  4897 | D:4      | Learned a level 4 spell: Ice Form
  5026 | D:4      | Found a transporter.
  5051 | D:4      | Reached skill level 5 in Unarmed Combat
  5051 | D:4      | Reached XP level 7. HP: 36/43 MP: 7/11
  5217 | D:4      | Found a staircase to the Ecumenical Temple.
  5226 | D:4      | Reached skill level 1 in Ice Magic
  5240 | Temple   | Entered the Ecumenical Temple
  5333 | Temple   | Became a worshipper of Ashenzari the Shackled
  5419 | D:4      | Found a transporter.
  5623 | D:5      | Entered Level 5 of the Dungeon
  5919 | D:2      | Mangled by Robin

Illustrated notes

Levels and vault maps discovered:
D:1:      minmay_arrival_shoal_huts, layout_loops_ring,
          nicolae_ecumenical_lake_church, patterned_corridor
D:2:      layout_loops_ring, st_stairs_7, uniq_robin
D:3:      layout_basic, serial_shops, shop, kennysheep_generic_room_5
D:4:      gammafunk_cloud_chamber, layout_loops_cross,
          minmay_temple_entry_trees, uniq_eustachio
D:5:      layout_basic, nicolae_overflow_hidden_temple, due_unseen_surprise,
          uniq_menkaure
Temple:   nicolae_temple_bog_church

Skill      XL: |  1  2  3  4  5  6  7 |
---------------+----------------------+-----
Transmutations | 3 4 |  4.7
Poison Magic   | 1 2 3 4 |  4.1
Spellcasting   | 3 |  3.0
Unarmed Combat | 4 5 |  5.2
Ice Magic      | 1 |  1.4
Fighting       | |  1.0
Dodging        | |  2.0

Action                   |  1- 3 |  4- 6 |  7- 9 || total
-------------------------+-------+-------+-------++-------
Melee: Unarmed           |    75 |   114 |    13 ||   202
       Constrict         |    31 |    15 |       ||    46
       Kick              |    27 |    29 |     1 ||    57
       Tentacles         |    13 |     7 |       ||    20
       Punch             |     2 |     4 |       ||     6
Throw: Dart              |       |     4 |     2 ||     6
 Cast: Beastly Appendage |    29 |    25 |     2 ||    56
       Wereblood         |       |     1 |       ||     1
       Spider Form       |       |     5 |     2 ||     7
  Use: Potion            |     1 |     2 |     1 ||     4
       Scroll            |       |     2 |     1 ||     3
 Stab: Sleeping          |     4 |     1 |       ||     5
Armor: Skin              |     8 |     8 |     1 ||    17
Dodge: Dodged            |    29 |    65 |    25 ||   119

Table legend: (Time is in decaauts)
 A = Elapsed time spent in this place.
 B = Non-inter-level travel time spent in this place.
 C = Inter-level travel time spent in this place.
 D = Time resting spent in this place.
 E = Time spent auto-exploring this place.
 F = Levels seen in this place.
 G = Mean time per level.
                   A        B        C        D        E       F      G
               +--------+--------+--------+--------+--------+-----+--------+
         Total |   5907 |   5658 |    249 |   1859 |   2841 |   6 |  984.5 |
       Dungeon |   5789 |   5563 |    226 |   1859 |   2770 |   5 | 1157.8 |
        Temple |    118 |     95 |     23 |      0 |     71 |   1 |  118.0 |
               +--------+--------+--------+--------+--------+-----+--------+

Top non-repeatable levels by time:
     D:1: 2004 daAuts
     D:2: 1602 daAuts
     D:3: 1076 daAuts
     D:4: 1043 daAuts
  Temple: 118 daAuts
     D:5: 62 daAuts
